 Dungeon Crawl Stone Soup version 0.30-a0-778-g2ef04afb54 (webtiles) character file.

Game seed: 6986088604155372486

5707 DEFE the Warmonger (level 10, -3/69 HPs)
             Began as a Demonspawn Wanderer on Feb 15, 2023.
             Was a High Priest of Okawaru.
             Slain by a hornet (12 damage)
             ... on level 9 of the Dungeon.
             The game lasted 00:10:07 (11106 turns).

DEFE the Warmonger (Demonspawn Wanderer)           Turns: 11106, Time: 00:10:07

Health: -3/69      AC: 14    Str: 13    XL:     10   Next: 48%
Magic:  18/18      EV:  9    Int: 17    God:    Okawaru [*****.]
Gold:   442        SH:  0    Dex: 17    Spells: 10/11 levels left

rFire   . . .      SeeInvis .    K - +0 scimitar (flame)
rCold   . . .      Faith    .    x - orb {light}
rNeg    . . .      Spirit   .    t - +0 plate armour
rPois   .          Reflect  .    (helmet restricted)
rElec   .          Harm     .    (no cloak)
rCorr   .          Rampage  .    (no gloves)
Will    .....                    q - +0 pair of boots Stlth
                                 (no amulet)
HPRegen 0.31/turn                (no ring)
MPRegen 0.16/turn                (no ring)

@: agile, slowed, glowing, very slow
A: horns 2, ignite blood 2, powered by pain 1, big brain 2
a: Renounce Religion, Heroism, Finesse, Duel


You were on level 9 of the Dungeon.
You worshipped Okawaru.
Okawaru was extremely pleased with you.
You visited 1 branch of the dungeon, and saw 9 of its levels.

You collected 442 gold pieces.

Inventory:

Hand Weapons
 a - a +2 sling
 c - a +0 dagger
 p - a +0 falchion
 y - a +0 dagger of venom
 K - a +0 scimitar of flaming (weapon)
Missiles
 b - 30 poisoned darts (quivered)
 n - a curare-tipped dart
Armour
 e - a +0 robe
 l - a +0 ring mail
 q - a +0 pair of boots (worn)
 t - a +0 plate armour (worn)
 v - a +3 leather armour
 w - a +0 helmet
 x - an orb of light (worn)
Wands
 A - a wand of roots (21)
 H - a wand of polymorph (12)
 L - a wand of flame (16)
Scrolls
 h - 3 scrolls of poison
 j - 3 scrolls of fog
 o - a scroll of amnesia {unknown}
 r - a scroll of brand weapon {unknown}
 s - 4 scrolls of magic mapping
 B - 3 scrolls of fear
 C - a scroll of vulnerability {unknown}
 G - 2 scrolls of enchant armour {unknown}
 I - a scroll of enchant weapon {unknown}
 M - a scroll of blinking {unknown}
Potions
 d - 3 potions of mutation
 f - 4 potions of brilliance
 g - a potion of haste {unknown}
 k - a potion of magic {unknown}
 m - a potion of ambrosia {unknown}
 u - a potion of degeneration {unknown}
 z - 3 potions of flight {unknown}
 D - a potion of lignification {unknown}
 E - a potion of attraction {unknown}
 J - a potion of cancellation {unknown}


   Skills:
 - Level 2.8 Fighting
 + Level 8.3 Long Blades
 - Level 2.6 Ranged Weapons
 - Level 2.6 Throwing
 + Level 8.0 Armour
 - Level 1.0 Stealth
 - Level 1.0 Spellcasting
 - Level 1.0 Ice Magic
 + Level 11.6 Invocations


You had 10 spell levels left.
You knew the following spells:

 Your Spells              Type           Power      Damage    Failure   Level
a - Freeze                Ice            16%        1d4       100%        1

Your spell library contained the following spells:

 Spells                   Type           Power      Damage    Failure   Level
 Ignite Poison            Fire/Tmut/Pois 0%         N/A       100%        3
 Kindle Blastsparks       Fire/Tloc/Air  0%         2d10      100%        3
 Ozocubu's Armour         Ice            4%         N/A       100%        3
 Freezing Cloud           Conj/Ice/Air   0%         6-21      100%        5


Dungeon Overview and Level Annotations

Branches:
Dungeon (9/15)             Temple (0/1) D:7
   Lair: D:8-11         Orc: D:9-12

Altars:
Okawaru

Annotations:
D:3 2 runed translucent doors, Heoruswealwe's ghost, amateur DESu
D:6 1 runed translucent door, Crazy Yiuf


Innate Abilities, Weirdness & Mutations

You have a pair of horns on your head.
Your demonic aura often causes spilled blood to erupt in flames.
You sometimes gain a little power by taking damage.
You have an extremely huge brain. (Int +4)


Message History

The hornet escapes!
Aim: a hornet (lightly wounded, haloed)
The roots erupt in riotous growth!
Roots grab the hornet.
The grasping roots constrict the hornet.
The hornet stings you but does no damage. x2
Unknown command.
Unknown command.
You hit the hornet. You burn the hornet.
The grasping roots constrict the hornet.
The roots release their grip on the hornet.
The hornet closely misses you.
Unknown command.
You closely miss the hornet. The hornet barely misses you.
The hornet stings you.
* * * LOW HITPOINT WARNING * * *
You are poisoned.
You feel yourself slow down.
You take 5 damage, and have 19/69 hp.
You slash the hornet! You burn the hornet. You headbutt the hornet.
You feel very sick. The hornet barely misses you. The hornet stings you!
* * * LOW HITPOINT WARNING * * *
You are lethally poisoned!
You feel as though you will be slow longer.
You take 11 damage, and have 8/69 hp.
Unknown command.
Unknown command.
You feel better. The hornet stings you!
* * * LOW HITPOINT WARNING * * *
You are lethally poisoned!
You feel as though you will be slow longer.
The hornet barely misses you.
You take 2 damage, and have 6/69 hp.
Unknown command.
You feel better. The hornet stings you!
* * * LOW HITPOINT WARNING * * *
You feel as though you will be slow longer.
The hornet stings you!
You die...

#..###..##.###..####
..##[##).##.........
.##=..##..##.......#
..##...##..##.###..#
#..#.#..##..##.##..#
##...##..##..)###..#
.##..=##.y##)####..#######
..##)##..##)))[..)........
#..###..##.###..@..)......
##..#..##.## #...y))......
.##...##.## #............
#.##.##.## #.......)....
##.###.## #............
#..#.## #............
#...## #............
###.##########..<.........
...............


You could see a hornet and a vampire mosquito.

Vanquished Creatures
  Erica (D:8)
  A two-headed ogre (D:5)
  A tengu warrior (D:9)
  Psyche (D:8)
  A hornet (D:7)
  Grinder (D:6)
  3 yaks (D:7)
  2 vampire mosquitoes (D:9)
  Edmund (D:5)
  An acid dragon (D:8)
  2 water moccasins
  An orc warrior (D:5)
  An ice beast (D:5)
  A black bear (D:6)
  An ogre (D:4)
  2 centaurs (D:6)
  2 kobold brigands
  Blork the orc (D:6)
  2 bullfrogs
  A necrophage (D:4)
  5 scorpions
  4 wights (D:8)
  A howler monkey (D:7)
  4 hounds
  4 jellies
  5 orc priests
  Jessica (D:3)
  3 iguanas
  5 orc wizards
  An adder (D:5)
  A shadow imp (D:7)
  2 white imps (D:7)
  2 worms
  A dart slug (D:2)
  20 orcs
  5 ball pythons
  3 bats (D:1)
  2 giant cockroaches
  12 goblins
  6 hobgoblins
  2 jackals (D:5)
  4 quokkas
  17 kobolds
  6 rats
143 creatures vanquished.

Vanquished Creatures (others)
  A demonic plant (D:7)
1 creature vanquished.

Grand Total: 144 creatures vanquished

Notes
Turn   | Place    | Note
-------+----------+-------------------------------------------
     0 | D:1      | DEFE the Demonspawn Wanderer began the quest for the Orb.
     0 | D:1      | DEFE set off with the following items: a +2 sling, 8
                  | poisoned darts, a +0 dagger, a potion of mutation, a +0
                  | robe; and the following spell memorised: Freeze; and the
                  | following spells available to memorise: Ozocubu's Armour.
     0 | D:1      | Reached XP level 1. HP: 15/15 MP: 2/2
   203 | D:1      | Gained mutation: Your demonic aura sometimes causes spilled
                  | blood to erupt in flames. [demonic ancestry]
   203 | D:1      | Reached XP level 2. HP: 22/22 MP: 3/3
  1081 | D:2      | Gained mutation: You have an unusually large brain. (Int
                  | +2) [demonic ancestry]
  1081 | D:2      | Reached XP level 3. HP: 28/28 MP: 4/4
  1908 | D:3      | Found an iron altar of Okawaru.
  1948 | D:3      | Found a large runed translucent door.
  2063 | D:3      | Became a worshipper of Warmaster Okawaru
  2163 | D:3      | Reached skill level 1 in Long Blades
  2244 | D:3      | Noticed Jessica
  2253 | D:3      | Killed Jessica
  2254 | D:3      | Reached skill level 1 in Invocations
  2340 | D:3      | Gained mutation: You sometimes gain a little power by
                  | taking damage. [demonic ancestry]
  2340 | D:3      | Reached XP level 4. HP: 33/34 MP: 5/5
  2354 | D:3      | Reached skill level 2 in Invocations
  2564 | D:3      | Found a large runed translucent door.
  2569 | D:3      | Noticed Heoruswealwe's ghost (amateur DESu)
  3123 | D:4      | Noticed a scorpion
  3127 | D:4      | Noticed a necrophage
  3130 | D:4      | Killed a scorpion
  3131 | D:4      | Reached skill level 1 in Armour
  3139 | D:4      | Killed a necrophage
  3140 | D:4      | Reached skill level 3 in Invocations
  3140 | D:4      | Gained mutation: You have a pair of small horns on your
                  | head. [demonic ancestry]
  3140 | D:4      | Reached XP level 5. HP: 29/40 MP: 5/7
  3507 | D:4      | Noticed an ogre
  3742 | D:4      | Killed an ogre
  3742 | D:4      | Reached * piety under Okawaru
  3743 | D:4      | Reached skill level 4 in Invocations
  3743 | D:4      | Gained mutation: Your demonic aura often causes spilled
                  | blood to erupt in flames. [demonic ancestry]
  3743 | D:4      | Reached XP level 6. HP: 20/46 MP: 7/9
  4378 | D:5      | Entered Level 5 of the Dungeon
  4467 | D:5      | Noticed a water moccasin
  4482 | D:5      | Killed a water moccasin
  4738 | D:5      | Noticed an ice beast
  4755 | D:5      | Killed an ice beast
  4755 | D:5      | Reached ** piety under Okawaru
  4756 | D:5      | Reached skill level 5 in Invocations
  4756 | D:5      | Gained mutation: You have a pair of horns on your head.
                  | [demonic ancestry]
  4756 | D:5      | Reached XP level 7. HP: 18/51 MP: 10/10
  4985 | D:5      | Noticed Edmund
  5009 | D:5      | Killed Edmund
  5535 | D:5      | Reached skill level 6 in Invocations
  5891 | D:5      | Noticed a two-headed ogre
  5898 | D:5      | Killed a two-headed ogre
  5898 | D:5      | Reached *** piety under Okawaru
  5899 | D:5      | Reached skill level 5 in Long Blades
  5899 | D:5      | Reached skill level 5 in Armour
  5899 | D:5      | Reached skill level 7 in Invocations
  5899 | D:5      | Reached XP level 8. HP: 5/57 MP: 11/13
  6364 | D:6      | Reached skill level 8 in Invocations
  6484 | D:6      | Noticed Blork the orc
  6491 | D:6      | Killed Blork the orc
  6889 | D:6      | Noticed Grinder
  6892 | D:6      | Killed Grinder
  6893 | D:6      | Reached XP level 9. HP: 62/62 MP: 15/15
  7301 | D:6      | Reached **** piety under Okawaru
  7302 | D:6      | Reached skill level 9 in Invocations
  7714 | D:6      | Found a runed translucent door.
  7715 | D:6      | Noticed Crazy Yiuf
  7948 | D:7      | Found a staircase to the Ecumenical Temple.
  8149 | D:7      | Paralysed by a hornet for 2 turns
  8326 | D:7      | Reached skill level 10 in Invocations
  9481 | D:8      | Noticed Erica
  9486 | D:8      | Killed Erica
  9486 | D:8      | Reached ***** piety under Okawaru
  9487 | D:8      | Gained mutation: You have an extremely huge brain. (Int +4)
                  | [demonic ancestry]
  9487 | D:8      | Reached XP level 10. HP: 38/69 MP: 16/18
 10001 | D:8      | Noticed Psyche
 10014 | D:8      | Killed Psyche
 10015 | D:8      | Reached skill level 11 in Invocations
 11061 | D:9      | Noticed a tengu warrior
 11078 | D:9      | Killed a tengu warrior
 11106 | D:9      | Slain by a hornet

Illustrated notes

Levels and vault maps discovered:
D:1:      amcnicky_arrival_flooded_fountain, layout_basic, minmay_tromino_i2
D:2:      layout_basic, chequers_avenue
D:3:      layout_basic, mainiacjoe_overflow_brackets,
          ebering_ghost_disaster_area, corexii_item_surrounded_by_moat,
          minmay_misc_feat_columns, hangedman_glass_teeth, uniq_jessica
D:4:      layout_basic, amcnicky_mini_pool_small, minmay_ogre_servants
D:5:      layout_basic, chequers_arboretum, uniq_edmund
D:6:      layout_loops_corners, uniq_blork_the_orc, uniq_grinder,
          uniq_crazy_yiuf_cottage
D:7:      layout_basic, minmay_temple_entry_stoned_glass, serial_demonic,
          serial_demonic_e, serial_demonic_g, serial_demonic_c, serial_demonic_b
D:8:      layout_layer_cave, uniq_erica, uniq_psyche
D:9:      layout_long_grid, mainiacjoe_overflow_cross_hatched, erik_orc_3,
          minmay_diamond_spiral

Skill      XL: |  1  2  3  4  5  6  7  8  9 10 |
---------------+-------------------------------+-----
Fighting       | 2 |  2.8
Long Blades    | 1 2 3 5 6 7 8 |  8.3
Invocations    | 1 3 4 5 7 8 10 11 | 11.6
Armour         | 1 2 3 5 7 8 |  8.0
Ranged Weapons | |  2.6
Throwing       | |  2.6
Stealth        | |  1.0
Spellcasting   | |  1.0
Ice Magic      | |  1.0

Action                     |  1- 3 |  4- 6 |  7- 9 | 10-12 || total
---------------------------+-------+-------+-------+-------++-------
  Melee: Dagger            |    26 |    97 |   208 |       ||   331
         Falchion          |       |     6 |       |       ||     6
         Headbutt          |       |    20 |    75 |    16 ||   111
         Scimitar          |       |       |       |    55 ||    55
   Fire: Sling             |    66 |       |       |       ||    66
 Invoke: Heroism           |       |       |     2 |     1 ||     3
  Evoke: Wand              |       |       |     5 |    26 ||    31
    Use: Potion            |       |     2 |     4 |     2 ||     8
         Scroll            |       |       |       |     4 ||     4
 Armour: Robe              |     7 |       |       |       ||     7
         Leather armour    |     7 |     4 |       |       ||    11
         Plate armour      |       |    73 |   120 |    51 ||   244
  Dodge: Dodged            |    29 |    12 |    39 |    22 ||   102

Table legend: (Time is in decaauts)
 A = Elapsed time spent in this place.
 B = Non-inter-level travel time spent in this place.
 C = Inter-level travel time spent in this place.
 D = Time resting spent in this place.
 E = Time spent auto-exploring this place.
 F = Levels seen in this place.
 G = Mean time per level.
                   A        B        C        D        E       F      G
               +--------+--------+--------+--------+--------+-----+--------+
         Total |  11073 |  10667 |    406 |   2428 |   7012 |   9 | 1230.3 |
       Dungeon |  11073 |  10667 |    406 |   2428 |   7012 |   9 | 1230.3 |
               +--------+--------+--------+--------+--------+-----+--------+

Top non-repeatable levels by time:
     D:5: 1930 daAuts
     D:8: 1765 daAuts
     D:6: 1591 daAuts
     D:4: 1468 daAuts
     D:7: 1179 daAuts
     D:3: 1142 daAuts
     D:2: 939 daAuts
     D:1: 843 daAuts
     D:9: 212 daAuts
